 Dungeon Crawl Stone Soup version 0.21.1-1-g345015f (webtiles) character file.

57 inc the Magician (level 3, 0/14 HPs)
             Began as a Felid Wizard on Feb 23, 2018.
             Slain by a worker ant (7 damage)
             ... on level 4 of the Dungeon.
             The game lasted 00:02:44 (2022 turns).

inc the Magician (Felid Wizard)                     Turns: 2022, Time: 00:02:44

Health: 0/14       AC:  1    Str:  3    XL:     3   Next: 73%
Magic:  1/8        EV: 17    Int: 20    God:
Gold:   53         SH:  0    Dex: 14    Spells: 5/8 levels left
                                        Lives:  0   Deaths: 0

rFire    . . .     SeeInvis +   (weapon unavailable)
rCold    . . .     Gourm    .   (shield unavailable)
rNeg     . . .     Faith    .   (armour unavailable)
rPois    .         Spirit   .   (helmet unavailable)
rElec    .         Reflect  .   (cloak unavailable)
rCorr    .         Harm     .   (gloves unavailable)
MR       .....                  (boots unavailable)
Stlth    +++.......             (no amulet)
HPRegen  0.04/turn              (no ring)
MPRegen  0.11/turn              (no ring)

@: quick
A: very small, no armour, no weapons or thrown items, stealth, claws 1, fangs 3,
see invisible, carnivore, speed 1, shaggy fur 1, slow metabolism 1, sharp paws
a: no special abilities


You were on level 4 of the Dungeon.
You were not hungry.

You visited 1 branch of the dungeon, and saw 4 of its levels.

You collected 53 gold pieces.

Inventory:

Scrolls
 c - a scroll of amnesia {unknown}
 d - a scroll of enchant weapon {unknown}
 e - a scroll of blinking {unknown}
 f - a scroll of noise {unknown}
 i - a scroll of teleportation {unknown}
 j - 2 scrolls of identify {unknown}
Potions
 g - 2 potions of might {unknown}
 h - a potion of resistance {unknown}
 k - 2 potions of agility {unknown}
 l - a potion of cancellation {unknown}
Books
 a - a book of Minor Magic

   Spells                             Type                      Level
   a - Magic Dart                     Conjuration                  1
   b - Blink                          Translocation                2
   c - Call Imp                       Summoning                    2
   d - Slow                           Hexes                        2
   e - Conjure Flame                  Conjuration/Fire             3
   f - Mephitic Cloud                 Conjuration/Poison/Air       3
Comestibles
 b - 4 rations


   Skills:
 - Level 2.7 Dodging
 - Level 2.7 Stealth
 - Level 3.2 Spellcasting
 + Level 3.0 Conjurations
 - Level 1.0 Summonings
   Level 1.5 Translocations


You had 5 spell levels left.
You knew the following spells:

 Your Spells              Type           Power        Failure   Level  Hunger
a - Magic Dart            Conj           ###.         4%          1    None
b - Call Imp              Summ           #.......     14%         2    ##.....


Dungeon Overview and Level Annotations

Branches:
Dungeon (4/15)
 Temple: D:4-7

Altars:

Shops:
D:4 [


Innate Abilities, Weirdness & Mutations

You cannot wear armour.
You are incapable of wielding weapons or throwing items.
Your paws allow you to move quietly. (Stealth)
You have sharp claws.
You have razor-sharp teeth.
You have supernaturally acute eyesight. (SInv)
You are carnivorous and can eat meat at any time.
You cover ground quickly.
You are covered in fur. (AC +1)
You have a slow metabolism.
Your sharp claws are effective at attacking unaware monsters.


Message History

Press: ? - help, Shift-Dir - straight line, f/p - worker ant
Aim: a worker ant (severely wounded)
The magic dart hits the worker ant.
The worker ant is severely wounded.
The worker ant barely misses you.
Casting: Magic Dart
Confirm with . or Enter, or press ? or * to list all spells.
You don't have enough magic to cast that spell.
Unknown command.
You scratch the worker ant but do no damage.
The worker ant is severely wounded.
The worker ant bites you.
You barely miss the worker ant.
The worker ant is severely wounded.
The worker ant closely misses you.
You scratch the worker ant but do no damage.
The worker ant is severely wounded.
The worker ant barely misses you. The worker ant bites you!
Ouch! That really hurt!
You die...

................
................
................
........∩.......
................
.####.....).....
##.>........
#.........#
##@......##
#.a..$.###
#..##### #..#
..## #.. ...
....


You could see a worker ant.

Vanquished Creatures
  2 adders (D:3)
  2 leopard geckos
  5 bats
  2 giant cockroaches
  2 goblins (D:1)
  5 hobgoblins (D:1)
  7 kobolds
  A ball python (D:3)
  6 frilled lizards
  5 rats
37 creatures vanquished.

Notes
Turn   | Place    | Note
-------+----------+-------------------------------------------
     0 | D:1      | inc the Felid Wizard began the quest for the Orb.
     0 | D:1      | Reached XP level 1. HP: 7/7 MP: 5/5
   207 | D:1      | Reached skill level 1 in Conjurations
   458 | D:1      | Reached XP level 2. HP: 11/11 MP: 1/7
  1380 | D:2      | Learned a level 2 spell: Call Imp
  1467 | D:2      | Reached XP level 3. HP: 14/14 MP: 6/8
  2001 | D:4      | Found Jueleo's Armour Shoppe.
  2022 | D:4      | Slain by a worker ant

Skill      XL: |  1  2  3 |
---------------+----------+-----
Conjurations   | 1 2 3 |  3.0
Dodging        | |  2.7
Stealth        | |  2.7
Spellcasting   | |  3.2
Summonings     | |  1.0
Translocations | |  1.5

Action                   || total
-------------------------++-------
Melee: Unarmed           ||    10
 Cast: Magic Dart        ||    92
  Eat: Chunk             ||     1
Armor: Skin              ||     4
Dodge: Dodged            ||    33
